Map: [ESL] Alcyone

Players

Jieshi

  • Race: Protoss Protoss
  • Spawn Location: 7:00

Coffee - Winner!

  • Race: Terran Terran
  • Spawn Location: 1:00

Event: ESL SC2 Masters 2023 Winter (Regional)

VOD

Have the link to the VOD?

Description

Time

  • Played on: Nov. 17, 2023, 7:17 a.m.
  • Length: 18:46

All games in this series

Show
View Real Time Build Order
Export as new Build Order

Jieshi Protoss 

Build Orders: 1 Gate Expand, Blink Stalkers 

Get SALT Encoding   

  12  0:00  Probe  
  13  0:12  Probe  
  14  0:17  Pylon  
  14  0:24  Probe (Chrono Boost)  
  15  0:36  Gateway  
  15  0:37  Probe (Chrono Boost)  
  16  0:43  Probe (Chrono Boost)  
  16  0:45  Assimilator  
  17  0:51  Probe  
  18  1:03  Probe  
  19  1:15  Probe  
  20  1:23  Cybernetics Core  
  20  1:31  Nexus  
  20  1:37  Pylon  
  20  1:40  Probe  
  20  1:46  Assimilator  
  21  1:52  Probe  
  22  1:56  Adept (Chrono Boost)  
  22  2:00  Warp Gate  
  24  2:04  Probe  
  25  2:15  Twilight Council  
  25  2:16  Probe  
  25  2:22  Stalker (Chrono Boost)  
  26  2:28  Probe  
  28  2:41  Gateway  
  28  2:43  Probe (Chrono Boost)  
  30  2:45  Probe (Chrono Boost)  
  30  2:53  Probe (Chrono Boost)  
  30  2:54  Blink (Chrono Boost)  
  30  2:55  Probe (Chrono Boost)  
  30  2:58  Probe (Chrono Boost)  
  32  3:05  Probe  
  34  3:10  Probe  
  34  3:12  Sentry  
  36  3:17  Probe  
  37  3:22  Probe  
  38  3:29  Probe  
  39  3:34  Probe  
  39  3:41  Probe  
  40  3:46  Probe  
  40  3:47  Nexus  
  40  3:48  Stalker  
  43  3:52  Pylon  
  43  3:55  Stalker  
  44  3:57  Probe  
  44  4:00  Probe  
  46  4:05  Pylon  
  46  4:13  Robotics Facility  
  46  4:16  Stalker  
  48  4:18  Stalker  
  50  4:24  Shield Battery  
  50  4:26  Probe x2  
  52  4:38  Probe x2  
  54  4:46  Forge, Charge (Chrono Boost)  
  54  4:47  Gateway  
  54  4:49  Gateway  
  54  4:50  Probe  
  55  4:56  Probe  
  55  4:59  Assimilator  
  56  5:01  Observer (Chrono Boost)  
  56  5:03  Probe x2  
  56  5:06  Stalker  
  61  5:09  Stalker, Probe  
  64  5:15  Probe  
  63  5:32  Immortal (Chrono Boost)  
  63  5:33  Stalker x2  
  69  5:41  Probe x2  
  69  5:42  Observer  
  70  5:43  Stalker  
  70  5:46  Zealot  
  74  5:56  Stalker x2  
  71  5:57  Probe x2  
  67  6:06  Probe  
  67  6:08  Warp Prism  
  67  6:09  Probe x2  
  72  6:14  Stalker  
  72  6:18  Gateway  
  74  6:21  Probe (Chrono Boost), Pylon  
  74  6:24  Protoss Ground Weapons Level 1 (Chrono Boost), Pylon  
  77  6:27  Pylon, Probe x2 (Chrono Boost)  
  77  6:38  Probe x2  
  77  6:39  Stalker x2  
  82  6:40  Stalker  
  82  6:44  Probe  
  85  6:50  Probe  
  85  6:51  Gateway  
  86  6:55  Observer  
  85  7:05  Probe  
  86  7:09  Gateway, Probe  
  86  7:10  Probe (Chrono Boost)  
  86  7:11  Gateway  
  86  7:22  Probe x2 (Chrono Boost)  
  86  7:24  Sentry, Zealot x4  
  86  7:27  Probe (Chrono Boost)  
  86  7:29  Pylon  
  97  7:31  Probe (Chrono Boost)  
  97  7:32  Probe (Chrono Boost)  
  97  7:35  Photon Cannon  
  97  7:37  Shield Battery, Probe  
  98  7:41  Observer (Chrono Boost)  
  98  7:42  Pylon  
  98  7:43  Probe  
  101  7:47  Pylon  
  101  7:48  Zealot x3  
  101  7:51  Zealot, Pylon  
  109  7:58  Observer  
  109  7:59  Photon Cannon  
  109  8:03  Photon Cannon  
  109  8:04  Pylon, Stalker  
  111  8:09  Zealot  
  111  8:11  Observer (Chrono Boost)  
  110  8:14  Probe x2  
  112  8:22  Nexus  
  112  8:29  Probe (Chrono Boost)  
  112  8:32  Protoss Ground Armor Level 1 (Chrono Boost)  
  107  8:36  Probe (Chrono Boost)  
  107  8:38  Robotics Bay  
  107  8:40  Probe (Chrono Boost)  
  108  8:42  Observer  
  108  8:45  Probe x2 (Chrono Boost)  
  108  8:46  Probe (Chrono Boost)  
  111  8:48  Stalker  
  111  8:49  Stalker  
  111  8:55  Probe x2  
  117  9:00  Robotics Facility  
  117  9:02  Zealot x2, Probe  
  122  9:07  Probe  
  122  9:09  Probe  
  124  9:15  Probe  
  125  9:19  Probe  
  125  9:21  Probe  
  125  9:23  Sentry x2  
  131  9:27  Probe  
  132  9:31  Probe  
  132  9:33  Probe  
  132  9:35  Probe  
  139  9:39  Probe  
  139  9:40  Disruptor (Chrono Boost)  
  139  9:42  Zealot x3  
  139  9:43  Zealot x2, Probe  
  139  9:45  Zealot, Probe  
  144  9:51  Disruptor (Chrono Boost)  
  144  9:52  Assimilator, Probe  
  149  9:55  Probe  
  149  9:56  Assimilator  
  149  9:57  Probe  
  151  10:00  Stalker  
  151  10:01  Stalker  
  155  10:09  Pylon  
  155  10:11  Pylon  
  155  10:19  Disruptor (Chrono Boost)  
  155  10:21  Zealot x2  
  152  10:22  Zealot x2  
  152  10:28  Observer  
  153  10:30  Zealot  
  153  10:31  Zealot x2  
  153  10:32  Disruptor (Chrono Boost), Probe x2  
  135  10:36  Zealot  
  135  10:41  Zealot x2  
  135  10:42  Zealot  
  121  10:43  Probe  
  121  10:44  Probe  
  121  10:45  Probe  
  121  10:48  Zealot, Photon Cannon  
  126  10:50  Shield Battery  
  126  10:52  Protoss Ground Weapons Level 2, Pylon  
  126  10:55  Zealot x3  
  126  10:56  Probe  
  133  10:57  Zealot  
  133  11:02  Disruptor (Chrono Boost)  
  139  11:05  Extended Thermal Lance (Chrono Boost)  
  139  11:11  Pylon  
  139  11:13  Nexus  
  139  11:15  Pylon  
  139  11:20  Colossus (Chrono Boost)  
  145  11:27  Zealot x6  
  145  11:28  Zealot x2  
  161  11:33  Gateway  
  161  11:34  Photon Cannon  
  161  11:35  Gateway  
  159  11:40  Observer  
  159  11:44  Photon Cannon  
  159  11:45  Photon Cannon  
  159  11:46  Shield Battery  
  159  11:49  Stalker  
  159  11:50  Stalker x2  
  159  11:52  Stalker  
  159  11:58  Colossus x2  
  150  12:12  Stalker x2  
  150  12:14  Observer, Zealot  
  168  12:19  Zealot  
  168  12:20  Zealot x2  
  174  12:28  Assimilator  
  174  12:30  Probe (Chrono Boost), Pylon  
  175  12:40  Probe (Chrono Boost)  
  176  12:44  Stalker x4  
  176  12:45  Stalker  
  176  12:46  Zealot  
  176  12:49  Colossus (Chrono Boost)  
  184  12:53  Pylon  
  188  13:04  Protoss Ground Armor Level 2 (Chrono Boost)  
  186  13:08  Nexus  
  186  13:09  Stalker  
  186  13:11  Pylon  
  188  13:16  Forge  
  188  13:20  Pylon  
  188  13:24  Pylon  
  188  13:26  Pylon  
  186  13:28  Stalker  
  186  13:32  Dark Shrine  
  188  13:35  Gateway  
  188  13:38  Disruptor (Chrono Boost)  
  188  13:39  Gateway  
  190  13:46  Photon Cannon  
  189  13:49  Observer (Chrono Boost)  
  189  13:50  Zealot x3  
  189  13:51  Zealot x2  
  195  14:04  Disruptor  
  195  14:05  Protoss Ground Weapons Level 3 (Chrono Boost)  
  199  14:15  Photon Cannon  
  199  14:16  Assimilator, Photon Cannon  
  199  14:18  Shield Battery  
  199  14:20  Assimilator, Shield Battery  
  199  14:25  Observer  
  200  14:44  Shield Battery  
  200  14:46  Shadow Stride (Chrono Boost), Photon Cannon  
  200  14:49  Pylon  
  199  15:19  Protoss Ground Armor Level 3 (Chrono Boost)  
  199  15:32  Gateway  
  199  15:38  Gateway  
  199  15:40  Gateway  
  199  15:41  Gateway  
  199  15:45  Assimilator  
  199  15:48  Nexus  
  199  15:49  Dark Templar x4, Assimilator  
  173  15:50  Dark Templar x6, Pylon  
  173  15:54  Pylon  
  173  15:56  Zealot  
  186  15:58  Disruptor x2  
  186  16:29  Dark Templar x3  
  186  16:30  Dark Templar x3  
  198  16:34  Observer  
  185  16:48  Dark Templar  
  185  16:50  Dark Templar x2  
  187  16:58  Dark Templar, Photon Cannon  
  189  17:05  Zealot x4  
  197  17:14  Stalker x3  
  187  17:25  Observer  
  171  17:32  Disruptor  
  142  17:38  Disruptor  
  142  17:41  Dark Templar x3, Zealot x2  
  142  17:42  Zealot x6  
  142  17:43  Zealot x3  
  159  17:52  Probe  
  159  18:00  Stargate  
  159  18:04  Probe  
  146  18:05  Stalker  
  146  18:06  Stalker x4  
  146  18:07  Zealot x4, Stalker x2  
  146  18:08  Zealot  
  113  18:16  Probe  
  113  18:22  Dark Templar  
  113  18:23  Zealot x2  
  105  18:32  Dark Templar  
  79  18:39  Zealot x2  
Show
View Real Time Build Order
Export as new Build Order

Coffee Terran - Winner!

Build Orders: Reaper Expand 

Get SALT Encoding   

  12  0:00  SCV  
  13  0:13  SCV  
  14  0:18  Supply Depot  
  14  0:25  SCV  
  15  0:40  SCV  
  15  0:41  Barracks  
  16  0:45  Refinery  
  16  0:52  SCV  
  17  1:04  SCV  
  18  1:16  SCV  
  19  1:28  Orbital Command, Reaper  
  20  1:44  Command Center  
  20  1:54  SCV  
  20  1:57  Supply Depot  
  20  2:00  Marine  
  22  2:06  SCV  
  23  2:10  Factory  
  23  2:19  SCV  
  24  2:22  Barracks Reactor  
  24  2:23  Bunker  
  24  2:31  SCV  
  24  2:33  Refinery  
  25  2:43  SCV  
  26  2:54  Hellion  
  26  2:55  SCV  
  26  2:56  Orbital Command  
  29  2:58  Starport  
  29  3:03  Marine x2  
  31  3:08  SCV  
  32  3:16  Factory Tech Lab  
  32  3:20  SCV  
  32  3:21  Marine x2  
  32  3:22  SCV  
  32  3:24  Supply Depot  
  36  3:32  SCV  
  37  3:34  SCV  
  37  3:35  Siege Tank  
  37  3:38  Starport Tech Lab  
  37  3:41  Marine x2  
  41  3:46  SCV x2  
  45  3:52  Supply Depot  
  45  3:56  Banshee  
  45  4:00  SCV x2  
  45  4:02  Marine x2  
  51  4:06  Supply Depot  
  52  4:13  Siege Tank  
  52  4:16  Supply Depot, SCV x2  
  57  4:20  Marine x2  
  59  4:26  Refinery  
  59  4:30  SCV x2  
  61  4:33  Supply Depot  
  61  4:36  Barracks  
  61  4:38  Marine x2  
  63  4:46  SCV x2  
  63  4:48  Siege Tank  
  63  4:51  Engineering Bay  
  68  4:58  SCV x2  
  68  5:03  Marine x2  
  68  5:04  Liberator  
  73  5:10  SCV x2  
  75  5:18  Supply Depot  
  75  5:20  Marine  
  75  5:21  Marine  
  77  5:22  SCV x2  
  72  5:38  Siege Tank, Marine  
  72  5:39  SCV x2  
  72  5:40  Barracks  
  78  5:44  Marine  
  78  5:49  Stimpack, Marine  
  80  5:51  Terran Infantry Weapons Level 1, SCV  
  80  5:52  SCV  
  79  6:00  Marine  
  79  6:01  Command Center  
  79  6:02  Marine  
  66  6:04  SCV  
  59  6:11  Marauder  
  59  6:12  Starport Reactor  
  59  6:13  SCV  
  62  6:19  Factory Reactor  
  62  6:23  Marine x2  
  64  6:28  SCV x2  
  66  6:32  Refinery  
  66  6:35  Combat Shield, Marauder x2  
  70  6:41  Marine x2  
  72  6:47  SCV  
  72  6:48  SCV  
  72  6:50  Barracks  
  72  6:51  Barracks, Medivac x2  
  78  6:57  Widow Mine x2  
  82  7:01  Armory  
  82  7:03  Marine x2  
  82  7:04  Marauder x2  
  82  7:07  SCV x2  
  90  7:14  Orbital Command  
  90  7:17  Missile Turret  
  90  7:20  Widow Mine  
  90  7:21  Widow Mine  
  91  7:25  Marine x2  
  91  7:27  Medivac x2  
  97  7:32  Marauder x2  
  97  7:35  Concussive Shells  
  101  7:39  SCV x2  
  103  7:45  Missile Turret  
  103  7:47  Orbital Command  
  103  7:48  Marine x2  
  103  7:49  Barracks Reactor, Barracks Tech Lab  
  105  7:57  SCV x2  
  107  8:01  Marauder  
  109  8:17  Terran Infantry Armor Level 1, Supply Depot  
  109  8:20  Widow Mine x2, Marauder, SCV x2  
  109  8:24  Medivac  
  109  8:25  Supply Depot  
  117  8:27  Marauder  
  117  8:28  Supply Depot  
  117  8:32  SCV x2  
  117  8:33  Refinery  
  117  8:34  Supply Depot  
  117  8:35  Sensor Tower, Marine x2  
  117  8:37  Supply Depot  
  117  8:39  Marauder, SCV, Marine  
  117  8:41  Supply Depot x2  
  121  8:43  Widow Mine x2  
  121  8:46  SCV  
  121  8:47  SCV  
  125  8:51  SCV  
  125  8:54  Marauder x2  
  128  8:58  Marine x4  
  132  9:06  Viking  
  132  9:07  Viking  
  136  9:12  Widow Mine  
  136  9:13  Widow Mine  
  136  9:16  Supply Depot, Ghost Academy  
  140  9:19  Marauder x2  
  144  9:25  Marine x2  
  144  9:26  Marine x2  
  148  9:33  Supply Depot  
  148  9:35  SCV x2  
  148  9:36  Supply Depot  
  148  9:38  Bunker  
  150  9:39  Supply Depot  
  150  9:42  Supply Depot  
  149  9:48  Ghost x3  
  149  9:51  Supply Depot  
  149  9:52  Marine x4  
  156  9:59  Medivac  
  159  10:00  Medivac, Widow Mine  
  159  10:01  Widow Mine  
  148  10:25  Marauder, Marine x2  
  148  10:30  Marauder x2  
  148  10:35  Marine x2  
  132  10:37  Medivac  
  132  10:42  SCV x2  
  122  10:43  Marine x2  
  122  10:45  Refinery  
  122  10:46  Command Center, Widow Mine x2  
  122  10:47  Medivac, Supply Depot  
  132  10:55  Supply Depot  
  132  10:56  Ghost x3  
  136  11:09  Marine, Medivac  
  136  11:10  Marine x3  
  136  11:11  Widow Mine x2  
  146  11:17  Medivac  
  148  11:22  Barracks x3  
  147  11:30  Marauder x2  
  147  11:31  Marauder  
  153  11:35  Marine x4  
  153  11:37  Widow Mine x2  
  157  11:51  Marauder  
  156  11:58  Marauder x2  
  150  12:02  Marine x2  
  150  12:03  Marine x2  
  152  12:14  Barracks Reactor, Barracks Tech Lab  
  152  12:15  Terran Infantry Weapons Level 2, Barracks Tech Lab  
  152  12:16  Widow Mine x2  
  152  12:20  Engineering Bay  
  152  12:21  Supply Depot  
  152  12:27  Medivac x2, Marine x3, Marauder x3  
  165  12:31  Fusion Core, Starport  
  165  12:32  Sensor Tower  
  165  12:36  Marine x3  
  166  12:45  Widow Mine  
  166  12:48  Marauder x3  
  166  12:49  Planetary Fortress  
  174  12:54  Marauder x2  
  170  13:04  Marine x4  
  170  13:05  Marine x2  
  161  13:06  Viking  
  161  13:07  Viking  
  163  13:18  Marauder  
  165  13:25  Ghost x2, Marine x3  
  165  13:26  Ghost  
  169  13:30  Advanced Ballistics  
  169  13:32  Terran Infantry Armor Level 2  
  169  13:34  Terran Ship Weapons Level 1  
  162  13:36  Medivac  
  162  13:37  Refinery  
  162  13:38  Refinery  
  162  13:39  Marine x2  
  162  13:40  Marine  
  167  13:46  Viking  
  167  13:47  Viking  
  167  13:59  Marine x6  
  171  14:04  Viking  
  171  14:06  Viking  
  175  14:13  Marine  
  175  14:14  Ghost x2  
  175  14:15  Marauder  
  182  14:17  Ghost  
  184  14:29  Marine  
  184  14:30  Marine x5  
  188  14:31  Ghost  
  188  14:36  Command Center  
  188  14:37  Viking x3  
  196  14:38  Viking  
  198  14:50  Missile Turret  
  198  14:52  Missile Turret  
  197  15:21  Command Center  
  197  15:24  Personal Cloaking, Command Center  
  197  15:26  Command Center  
  195  15:45  Liberator x2  
  199  16:10  Missile Turret  
  199  16:11  Missile Turret  
  198  16:13  Sensor Tower  
  198  16:26  Planetary Fortress  
  198  16:28  Unknown  
  179  16:49  Sensor Tower, Command Center  
  179  16:50  Nuke  
  179  16:54  Orbital Command x2, Liberator x2  
  179  16:55  Liberator x2  
  179  16:59  Orbital Command  
  191  17:08  Ghost x4  
  191  17:13  Hi-Sec Auto Tracking  
  174  17:35  Marine x3  
  174  17:38  Marine x2  
  174  17:42  Liberator x4  
  187  17:47  Marine x2  
  187  17:51  Marine x2  
  188  17:56  Ghost x2  
  161  18:18  Marauder x3  
  163  18:24  Marine x2  
Tags
 
Add a new tag
Caveats
  • Supply blocks, unpowered buildings, or Contaminate may cause inaccurate times.
  • Supply counts are checked every 10 seconds.